 Dungeon Crawl Stone Soup version 0.31-a0-133-gaae73658be (webtiles) character file.

Game seed: 404253177471376858

3 IdlyInterested the Trooper (level 1, -6/16 HPs)
             Began as a Demonspawn Wanderer on June 2, 2023.
             Mangled by a gnoll
             ... wielding a +0 whip
              (8 damage)
             ... on level 1 of the Dungeon.
             The game lasted 00:00:41 (115 turns).

IdlyInterested the Trooper (Demonspawn Wanderer)     Turns: 115, Time: 00:00:42

Health: -6/16      AC:  3    Str: 16    XL:     1   Next: 41%
Magic:  2/2        EV: 11    Int: 12    God:
Gold:   0          SH:  0    Dex:  9    Spells: 1/2 levels left

rFire   . . .        g - +0 quarterstaff
rCold   . . .        (shield currently unavailable)
rNeg    . . .        e - +0 leather armour
rPois   .            (no helmet)
rElec   .            (no cloak)
rCorr   .            (no gloves)
SInv    .            (no boots)
Will    .....        (no amulet)
Stlth   +            (no ring)
HPRegen 0.22/turn    (no ring)
MPRegen 0.08/turn

%: no passive effects
@: no status effects
A: no striking features
a: no special abilities


You were on level 1 of the Dungeon.
You visited 1 branch of the dungeon, and saw 1 of its levels.

Inventory:

Hand Weapons
 a - a +0 club
 g - a +0 quarterstaff (weapon)
Armour
 e - a +0 leather armour (worn)
Scrolls
 h - a scroll of immolation {unknown}
Potions
 b - a potion of heal wounds
 d - a potion of attraction
 f - a potion of brilliance
Miscellaneous
 c - a piece from Xom's chessboard (15/15)


   Skills:
 * Level 2.2 Fighting
 + Level 0.2 Armour
 - Level 1.0 Dodging
 - Level 1.7 Unarmed Combat
 - Level 1.0 Spellcasting
 - Level 1.7 Air Magic
 - Level 1.2 Invocations
 - Level 1.0 Evocations


You had one spell level left.
You knew the following spells:

 Your Spells              Type           Power      Damage    Failure   Level
a - Shock                 Conj/Air       8%         1d3       26%         1

Your spell library contained the following spells:

 Spells                   Type           Power      Damage    Failure   Level
 Vhi's Electric Charge    Tloc/Air       4%         N/A       61%         3


Dungeon Overview and Level Annotations

Branches:
Dungeon (1/15)

Altars:


Message History

A hobgoblin comes into view.
The hobgoblin closely misses you.
You barely miss the hobgoblin. The hobgoblin completely misses you.
You sock the hobgoblin!
You kill the hobgoblin!
h - a scroll labelled APEXICZ HEIGH You enter the shallow water.
Moving in this stuff is going to be slow.
Found a hand axe.
A gnoll comes into view. It is wielding a +0 whip.
The gnoll shouts!
A dart slug comes into view.
The gnoll misses you.
The dart slug bites you but does no damage.
You sock the gnoll!
The gnoll is severely wounded.
The gnoll hits you with a +0 whip!
Ouch! That really hurt!
The dart slug launches a dart at you. The slug dart hits you.
You closely miss the gnoll.
The gnoll is severely wounded.
The gnoll hits you with a +0 whip. The dart slug misses you.
The gnoll misses you.
You barely miss the gnoll.
The gnoll is severely wounded.
The gnoll closely misses you. The dart slug closely misses you.
You hit the gnoll but do no damage.
The gnoll is severely wounded.
The gnoll barely misses you.
The dart slug bites you but does no damage.
You barely miss the gnoll.
The gnoll is heavily wounded.
The gnoll misses you. The gnoll hits you with a +0 whip.
* * * LOW HITPOINT WARNING * * *
You barely miss the gnoll.
The gnoll is heavily wounded.
The dart slug closely misses you. The gnoll hits you with a +0 whip!
Ouch! That really hurt!
You die...

##......##
#......#
........#
#.##.#.#
####.#### #
##.#)# #.#
#....# #.#
#.#..# #+#
#....# ###..#
#.###..#
#...w@.#
##...g..#
+............
####......####
##.##.## ## .#
.# .#


You could see a gnoll and a dart slug.

Vanquished Creatures
  A giant cockroach (D:1)
  A hobgoblin (D:1)
  A ball python (D:1)
3 creatures vanquished.

Notes
Turn   | Place    | Note
-------+----------+-------------------------------------------
     0 | D:1      | IdlyInterested the Demonspawn Wanderer began the quest for
                  | the Orb.
     0 | D:1      | IdlyInterested set off with the following items: a +0 club,
                  | a potion of heal wounds, a piece from Xom's chessboard
                  | (15/15), a potion of attraction, a +0 leather armour, a
                  | potion of brilliance; and the following spell memorised:
                  | Shock; and the following spells available to memorise:
                  | Vhi's Electric Charge.
     0 | D:1      | Reached XP level 1. HP: 16/16 MP: 2/2
   115 | D:1      | Mangled by a gnoll

Illustrated notes

Levels and vault maps discovered:
D:1:      saegor_arrival_simple_c, layout_loops_corners, serial_bayou,
          serial_bayou_lagoon_b, serial_bayou_shore_b, serial_bayou_crossing,
          serial_bayou_pond_b

Action                     || total
---------------------------++-------
  Melee: Quarterstaff      ||    11
 Armour: Leather armour    ||     2
  Dodge: Dodged            ||    10

Table legend: (Time is in decaauts)
 A = Elapsed time spent in this place.
 B = Non-inter-level travel time spent in this place.
 C = Inter-level travel time spent in this place.
 D = Time resting spent in this place.
 E = Time spent auto-exploring this place.
 F = Levels seen in this place.
 G = Mean time per level.
                   A        B        C        D        E       F      G
               +--------+--------+--------+--------+--------+-----+--------+
         Total |    118 |    118 |      0 |      0 |     73 |   1 |  118.0 |
       Dungeon |    118 |    118 |      0 |      0 |     73 |   1 |  118.0 |
               +--------+--------+--------+--------+--------+-----+--------+

Top non-repeatable levels by time:
     D:1: 118 daAuts
